 Dungeon Crawl Stone Soup version 0.30-a0-570-g486de37d69 (webtiles) character file.

Game seed: 7594299104240579446

300940 Ijustatesigmund the Impassioned (level 22, -9/144 HPs)
             Began as a Kobold Gladiator on Dec 20, 2022.
             Was a High Priest of Uskayaw.
             Killed from afar by an ironbound frostheart (37 damage)
             ... by creeping frost
             ... on level 3 of the Vaults on Dec 29, 2022.
             The game lasted 01:42:19 (37555 turns).

Ijustatesigmund the Impassioned (Kobold Gladiator) Turns: 37555, Time: 01:42:19

Health: -9/144     AC: 14    Str: 21    XL:     22   Next: 34%
Magic:  35/35      EV: 51    Int:  9    God:    Uskayaw [*****.]
Gold:   770        SH:  9    Dex: 24    Spells: 18/21 levels left

rFire   + . .      SeeInvis .    W - +1 quick blade (heavy)
rCold   . . .      Faith    .    D - +1 buckler of the Fife {rPois rCorr}
rNeg    . . .      Spirit   .    b - +2 troll leather armour
rPois   +          Reflect  .    c - +2 helmet
rElec   .          Harm     .    d - scarf {repulsion}
rCorr   +          Rampage  +    (no gloves)
Will    +....                    p - +2 pair of boots {rampage}
Stlth   ++++++++                 t - amulet of the acrobat
HPRegen 1.24/turn                q - ring of Circularity {rF+ EV+5 Slay+3}
MPRegen 0.24/turn                C - ring of Bucledascho {*Corrode Dex+8 Slay+4}

@: about to teleport, frozen, acrobatic, repel missiles, very slow
A: small, no large weapons, nightstalker 3, hooves 1, dopey 1, evolution 1
}: 1/15 runes: gossamer
a: Renounce Religion, Stomp, Line Pass, Grand Finale


You were on level 3 of the Vaults.
You worshipped Uskayaw.
Uskayaw was most pleased with you.
You visited 7 branches of the dungeon, and saw 32 of its levels.
You visited the Abyss 1 time.
You also visited: Ossuary and Ice Cave.

You collected 3305 gold pieces.
You spent 2535 gold pieces at shops.

Inventory:

Hand Weapons
 x - the +7 short sword of the Pure Princes {freeze, rC- Int+6}
   (You found it on level 3 of the Dungeon)

   It freezes those it strikes, dealing additional cold damage.
   It can also slow down cold-blooded creatures.
   Int:       It affects your intelligence (+6).
   rC:        It makes you vulnerable to cold.
 W - a +1 heavy quick blade (weapon)
 Y - a +3 scimitar of flaming
Missiles
 n - 46 poisoned darts (quivered)
Armour
 b - a +2 troll leather armour (worn)
 c - a +2 helmet (worn)
 d - a scarf of repulsion (worn)
 m - a +2 pair of boots
 p - a +2 pair of boots of rampaging (worn)
 D - the +1 buckler of the Fife (worn) {rPois rCorr}
   (You bought it in a shop on level 6 of the Dungeon)

   rPois:     It protects you from poison.
   rCorr:     It protects you from acid and corrosion.
 M - a +2 cloak of stealth
Jewellery
 k - a +4 ring of protection
 q - the ring of Circularity (left hand) {rF+ EV+5 Slay+3}
   (You took it off an orc knight on level 1 of the Orcish Mines)

   [ring of evasion]

   EV:        It affects your evasion (+5).
   Slay:      It affects your accuracy & damage with ranged weapons and melee
   (+3).
   rF:        It protects you from fire.
 t - an amulet of the acrobat (around neck)
 v - an amulet of reflection
 y - the ring "Kazaemno" {*Corrode Will+ Int+5}
   (You found it on level 14 of the Dungeon)

   [ring of willpower]

   Int:       It affects your intelligence (+5).
   *Corrode:  It may corrode you when you take damage.
   Will:      It increases your willpower.
 C - the ring of Bucledascho (right hand) {*Corrode Dex+8 Slay+4}
   (You bought it in a shop on level 10 of the Dungeon)

   [ring of slaying]

   Dex:       It affects your dexterity (+8).
   Slay:      It affects your accuracy & damage with ranged weapons and melee
   (+4).
   *Corrode:  It may corrode you when you take damage.
 F - a ring of positive energy
 J - an amulet of faith
 Q - a ring of positive energy
 S - a ring of protection from fire
 U - the ring "Vawkipni" {Fly Str+6 Int+3 Slay+3}
   (You took it off an ironbound thunderhulk on level 2 of the Vaults)

   [ring of strength]

   Str:       It affects your strength (+6).
   Int:       It affects your intelligence (+3).
   Slay:      It affects your accuracy & damage with ranged weapons and melee
   (+3).
   Fly:       It grants you flight.
Wands
 E - a wand of polymorph (26)
 G - a wand of flame (31)
 H - a wand of digging (24)
 N - a wand of roots (35)
 O - a wand of mindburst (27)
 R - a wand of paralysis (41)
 T - a wand of acid (9)
Scrolls
 f - 11 scrolls of teleportation
 s - 4 scrolls of amnesia
 A - 3 scrolls of poison
 B - 3 scrolls of fear
 L - 13 scrolls of identify
 P - 2 scrolls of magic mapping
 V - a scroll of fog
 Z - 4 scrolls of immolation
Potions
 e - 3 potions of berserk rage
 g - 2 potions of invisibility
 h - 7 potions of flight
 i - 11 potions of curing
 j - 5 potions of haste
 l - 3 potions of magic
 o - 6 potions of mutation
 r - 3 potions of attraction
 u - 5 potions of heal wounds
 w - 3 potions of brilliance
 z - 3 potions of lignification
 I - 2 potions of cancellation
 K - 9 potions of ambrosia
 X - 2 potions of might
Miscellaneous
 a - a condenser vane


   Skills:
 - Level 17.0 Fighting
 + Level 18.0 Short Blades
 - Level 2.1 Throwing
 - Level 8.4 Armour
 - Level 17.7 Dodging
 - Level 18.5 Stealth
 + Level 7.1 Shields
 - Level 10.0 Air Magic
 + Level 18.7 Invocations
 - Level 12.7 Evocations


You had 18 spell levels left.
You knew the following spells:

 Your Spells              Type           Power      Damage    Failure   Level
a - Swiftness             Air            18%        N/A       3%          3

Your spell library contained the following spells:

 Spells                   Type           Power      Damage    Failure   Level
 Airstrike                Air            9%         2d(2-18)  11%         4
 Poisonous Vapours        Pois/Air       18%        N/A       12%         2
 Kindle Blastsparks       Fire/Tloc/Air  12%        2d11      43%         3
 Freeze                   Ice            0%         1d3       54%         1
 Kiss of Death            Conj/Necr      0%         2d5       54%         1
 Slow                     Hex            0%         N/A       54%         1
 Sting                    Tmut/Pois      0%         1d3       54%         1
 Summon Small Mammal      Summ           0%         N/A       54%         1
 Summon Lightning Spire   Summ/Air       9%         N/A       63%         4
 Ensorcelled Hibernation  Hex/Ice        0%         N/A       67%         2
 Momentum Strike          Conj/Tloc      0%         3d8       67%         2
 Passwall                 Tmut/Erth      0%         N/A       67%         2
 Sublimation of Blood     Necr           0%         N/A       67%         2
 Wereblood                Tmut           0%         N/A       67%         2
 Call Canine Familiar     Summ           0%         N/A       88%         3
 Confusing Touch          Hex            0%         N/A       88%         3
 Frozen Ramparts          Ice            0%         1d1       88%         3
 Hailstorm                Conj/Ice       0%         3d3       88%         3
 Ignite Poison            Fire/Tmut/Pois 0%         N/A       88%         3
 Ozocubu's Armour         Ice            0%         N/A       88%         3
 Spider Form              Tmut/Pois      0%         N/A       88%         3
 Summon Guardian Golem    Hex/Summ       0%         N/A       88%         3
 Tukima's Dance           Hex            0%         N/A       88%         3
 Vampiric Draining        Necr           0%         2d6       88%         3
 Lightning Bolt           Conj/Air       4%         1d16      92%         5
 Anguish                  Hex/Necr       0%         N/A       99%         4
 Animate Armour           Summ/Erth      0%         N/A       99%         4
 Dispel Undead            Necr           0%         3d6       99%         4
 Ice Form                 Ice/Tmut       0%         N/A       99%         4
 Leda's Liquefaction      Hex/Erth       0%         N/A       99%         4
 Manifold Assault         Tloc           0%         N/A       99%         4
 Olgreb's Toxic Radiance  Pois           0%         N/A       99%         4
 Passage of Golubria      Tloc           0%         N/A       99%         4
 Summon Ice Beast         Ice/Summ       0%         N/A       99%         4
 Freezing Cloud           Conj/Ice/Air   3%         6-21      99%         5
 Alistair's Intoxication  Tmut/Pois      0%         N/A       100%        5
 Blade Hands              Tmut           0%         N/A       100%        5
 Borgnjor's Vile Clutch   Necr/Erth      0%         N/A       100%        5
 Fireball                 Conj/Fire      0%         3d3       100%        5
 Metabolic Englaciation   Hex/Ice        0%         N/A       100%        5
 Yara's Violent Unravell  Hex/Tmut       0%         3d3       100%        5
 Dispersal                Tloc           0%         N/A       100%        6
 Eringya's Noxious Bog    Tmut/Pois      0%         N/A       100%        6
 Iron Shot                Conj/Erth      0%         9d1       100%        6
 Simulacrum               Ice/Necr       0%         N/A       100%        6
 Ozocubu's Refrigeration  Ice            0%         4d7       100%        7
 Summon Hydra             Summ           0%         N/A       100%        7
 Disjunction              Tloc           0%         N/A       100%        8
 Lehudib's Crystal Spear  Conj/Erth      0%         10d2      100%        8


Dungeon Overview and Level Annotations

Branches:
Dungeon (15/15)            Temple (1/1) D:5            Lair (5/5) D:8
  Swamp (2/4) Lair:2       Spider (4/4) Lair:3        Slime (0/5) Lair:5
    Orc (2/2) D:12            Elf (0/3) Orc:2        Vaults (3/5) D:14
  Crypt (0/3) Vaults:2     Depths (0/4) D:15        Ossuary (visited)
  IceCv (visited)

Altars:
Ashenzari
Cheibriados
Dithmenos
Elyvilon
Fedhas
Gozag
Hepliaklqana
Kikubaaqudgha
Makhleb
Nemelex Xobeh
Okawaru
Qazlal
Ru
Sif Muna
Trog
Uskayaw
Vehumet
Wu Jian
Xom
Yredelemnul
Zin
Jiyva

Shops:
D:6 *[   D:9 *   D:10 =   D:11 (   Orc:2 (:!=   Vaults:1 ([

Portals:
Trove: D:15 (give 5 scrolls of blinking)


Innate Abilities, Weirdness & Mutations

You are small and have problems with some larger weapons.
You are completely attuned to the shadows.
You have large cloven feet.
You are dopey. (Int -2)
You have hidden genetic potential.


Message History

You are too injured to fight recklessly!
You are too injured to fight recklessly!
You are too injured to fight recklessly!
You are too injured to fight recklessly!
You are too injured to fight recklessly!
You are too injured to fight recklessly!
You are too injured to fight recklessly!
You are too injured to fight recklessly!
You are too injured to fight recklessly!
You are too injured to fight recklessly!
You hit the ancient lich but do no damage.
The ancient lich is severely damaged.
You completely miss the ancient lich.
The ancient lich is severely damaged.
You block the ironbound frostheart's attack.
The ancient lich misses you.
You puncture the ancient lich!
The ancient lich is severely damaged.
The boggart casts a spell.
The boggart blinks!
You hit the ancient lich but do no damage.
The ancient lich is severely damaged.
A wizard comes into view. It is wielding a +0 dagger.
The ironbound frostheart closely misses you.
The ancient lich touches you!
* * * LOW HITPOINT WARNING * * *
As you read the scroll of teleportation, it crumbles to dust.
You feel strangely unstable.
You block the ironbound frostheart's attack.
An ironbound preserver comes into view. It is wielding a +4 great mace.
The ancient lich completely misses you. You block the boggart's attack.
The ironbound frostheart calls freezing cold from the walls.
The frost grips you!!
* * * LOW HITPOINT WARNING * * *
You are encased in ice.
The boggart attacks as you move away! You block the boggart's attack.
The ironbound frostheart calls freezing cold from the walls.
The frost grips you!!!
You die...

##### #c..# #.J.##.
###..p...
#######.##p....
....@g#..Tp...p
#########))GT......
#..†....#[#pp.##p.p
#.#####.#['[###


cGp #.#...#.#)### #)#...#[#)# #.#.).+.#.# #.#####.#.# #......<#.# You could see
a great orb of eyes (summoned), an ironbound frostheart, a deep troll
(summoned), a wizard and a boggart.

Vanquished Creatures
  A tentacled starspawn (Abyss:2)
  An ancient champion (Vaults:2)
  4 sphinxes
  A frost giant (Vaults:2)
  4 emperor scorpions
  2 ghost moths
  Louise (D:14)
  6 vault wardens
  Aizul (Spider:4)
  An orc warlord (Vaults:1)
  A broodmother (Spider:4)
  The ghost of bosakos the Frost Mage, a journeyman DrIE of Uskayaw (Orc:1)
  12 ironbound preservers
  3 stone giants
  A war gargoyle (Vaults:1)
  A vampire knight (Vaults:2)
  6 very ugly things
  8 ironbound thunderhulks
  2 eleionomae (Swamp:1)
  13 dire elephants
  A deep elf annihilator (Vaults:3)
  A spark wasp (Spider:3)
  A bunyip (Swamp:1)
  Azrael (D:12)
  Snorg (Lair:4)
  A fire dragon (Spider:4)
  A jiangshi (Vaults:2)
  A deep elf high priest (Vaults:3)
  Fannar (D:10)
  8 yaktaur captains
  5 entropy weavers
  The ghost of Azuvok the Spear-Bearer, a journeyman MiFi of Okawaru (D:13)
  2 great orbs of eyes
  6 hydras
  Erolcha (D:10)
  3 vault guards
  A peacekeeper (Vaults:2)
  A ghost crab (Swamp:1)
  5 jorogumos
  2 catoblepae
  5 ironbound frosthearts
  2 radroaches
  15 centaur warriors
  A satyr (Spider:4)
  7 boulder beetles
  3 tengu warriors
  12 death yaks
  A deep troll earth mage (D:13)
  5 orc high priests (Orc:2)
  5 two-headed ogres
  2 thrashing horrors (Abyss:2)
  The ghost of Leissi the Geomancer, a journeyman GrEE of Lugonu (Lair:1)
  A vampire mage (Vaults:2)
  Amaemon (Lair:1)
  9 pharaoh ants
  A wretched star (Abyss:2)
  5 skeletal warriors (D:15)
  A glowing orange brain (Vaults:1)
  13 steelbarb worms
  A goliath frog (Swamp:1)
  2 starcursed masses (Abyss:3)
  28 deep trolls
  2 sun moths
  2 bog bodies
  A spriggan druid (Swamp:1)
  9 lindwurms
  9 ironbound convokers
  10 orb spiders
  Pikel (D:6)
  3 large abominations (Abyss:2)
  5 necromancers
  3 wizards
  11 orc knights
  2 phantasmal warriors (Vaults:3)
  3 harpies
  14 ugly things
  20 wolf spiders
  2 deep elf pyromancers
  5 manticores
  An orc sorcerer (Orc:1)
  4 moths of wrath (Spider:1)
  A will-o-the-wisp (Swamp:1)
  5 cyclopes
  2 ice statues (IceCv)
  14 vault sentinels
  Maurice (D:10)
  Joseph (D:8)
  An orange demon (Lair:1)
  5 torpor snails
  18 cane toads
  3 black mambas
  An elf zombie (Vaults:1)
  8 demonic crawlers
  8 komodo dragons
  21 yaktaurs
  3 kobold demonologists
  2 rime drakes
  2 unseen horrors (D:12)
  3 anaconda simulacra (IceCv)
  A freezing wraith (Abyss:2)
  2 ancient zymes (Abyss:2)
  6 ice devils (IceCv)
  3 hornets
  14 meliai
  6 trolls
  8 polar bears
  33 tarantellas
  14 blink frogs
  4 tyrant leeches
  40 slime creatures
  2 raiju (Abyss:2)
  18 dream sheep
  25 jumping spiders
  23 culicivoras
  Sigmund (D:4)
  A human simulacrum (Vaults:1)
  5 spriggans
  3 shadows
  2 dire elephant simulacra (IceCv)
  2 wraiths
  56 yaks
  2 wyverns
  6 fire elementals (D:12)
  20 humans (D:14)
  3 basilisks
  2 steam dragons
  70 redbacks
  Edmund (D:4)
  3 harpy simulacra (IceCv)
  15 vampire mosquitoes
  3 swamp worms (Swamp:1)
  2 acid dragons (D:13)
  A small abomination (Abyss:2)
  A warg (Orc:2)
  2 hell hounds (D:12)
  13 water moccasins
  2 hydra simulacra (IceCv)
  35 orc warriors
  A sky beast (D:7)
  An ice beast (D:8)
  11 black bears
  6 ogres
  4 boggarts (Vaults:1)
  19 wolves
  11 centaurs
  4 lemures (D:6)
  2 kobold brigands
  Blork the orc (D:6)
  A gnoll sergeant (D:6)
  15 bullfrogs
  4 necrophages
  3 scorpions
  3 cane toad simulacra
  3 wights (D:7)
  2 elephant simulacra
  6 killer bees (D:9)
  6 electric eels
  2 howler monkeys
  2 centaur zombies (Ossuary)
  2 quasits (Abyss:2)
  6 jellies
  4 hounds
  33 orc priests
  A gnoll bouda (D:7)
  Natasha (twice) (D:4)
  24 orc wizards
  A hell rat (D:8)
  A polar bear simulacrum (D:13)
  2 spriggan simulacra (D:13)
  A troll simulacrum (D:13)
  A wolf simulacrum (IceCv)
  3 ogre zombies (Ossuary)
  7 mummies (Ossuary)
  4 adders
  7 gnolls
  A naga simulacrum (D:13)
  3 river rats (D:8)
  A shadow imp (D:6)
  3 white imps
  2 ufetubi
  2 adder zombies (Ossuary)
  3 worms (D:2)
  A dart slug (D:1)
  100 orcs
  11 ball pythons
  5 endoplasms
  A giant cockroach (D:1)
  5 goblins
  9 hobgoblins
  3 jackals (D:3)
  5 quokkas
  3 bats
  4 frilled lizards
  7 goblin zombies (Ossuary)
  4 hobgoblin zombies (Ossuary)
  11 kobolds
  2 kobold zombies (Ossuary)
  An orc zombie (Ossuary)
  4 quokka zombies (Ossuary)
  8 rats
  5 rat zombies (Ossuary)
  A lurking horror (Abyss:2)
1302 creatures vanquished.

Vanquished Creatures (others)
  A deep troll (Vaults:1)
  A harpy (Vaults:1)
  A wizard (Vaults:1)
  An orc warrior (Orc:2)
  32 fungi
  72 plants
  A starspawn tentacle (Abyss:2)
109 creatures vanquished.

Grand Total: 1411 creatures vanquished

Notes
Turn   | Place    | Note
-------+----------+-------------------------------------------
     0 | D:1      | Ijustatesigmund the Kobold Gladiator began the quest for
                  | the Orb.
     0 | D:1      | Reached XP level 1. HP: 12/12 MP: 1/1
   154 | D:1      | Reached XP level 2. HP: 18/18 MP: 2/2
   171 | D:1      | Reached skill level 1 in Stealth
   563 | D:1      | Reached XP level 3. HP: 22/22 MP: 3/3
  1113 | D:2      | Reached XP level 4. HP: 11/27 MP: 4/4
  1538 | D:3      | Identified the +7 short sword of the Pure Princes {freeze,
                  | rC- Int+6}
  1851 | D:3      | Reached skill level 5 in Short Blades
  1851 | D:3      | Reached XP level 5. HP: 21/32 MP: 5/5
  2282 | D:4      | Noticed an ogre
  2291 | D:4      | Killed an ogre
  2292 | D:4      | Reached XP level 6. HP: 12/38 MP: 6/6
  2628 | D:4      | Reached skill level 5 in Dodging
  2812 | D:4      | Noticed Natasha
  2824 | D:4      | Killed Natasha
  2897 | D:4      | Noticed Sigmund
  2904 | D:4      | Killed Sigmund
  2905 | D:4      | Reached XP level 7. HP: 28/44 MP: 7/7
  2939 | D:5      | Entered Level 5 of the Dungeon
  3031 | D:5      | Reached skill level 5 in Stealth
  3172 | D:4      | Noticed Natasha
  3194 | D:4      | Killed Natasha
  3339 | D:4      | Noticed Edmund
  3343 | D:4      | Killed Edmund
  3344 | D:4      | Reached skill level 5 in Fighting
  3344 | D:4      | Reached XP level 8. HP: 49/49 MP: 8/8
  3693 | D:5      | Identified the +3 quarterstaff of Naruan {vorpal, Dex+3}
  3795 | D:5      | Found a staircase to the Ecumenical Temple.
  3929 | Temple   | Entered the Ecumenical Temple
  3932 | Temple   | Found a transporter.
  3932 | Temple   | Found a transporter.
  3934 | Temple   | Found a transporter.
  3934 | Temple   | Found a transporter.
  3991 | Temple   | Became a worshipper of Uskayaw the Reveller
  4117 | D:5      | Reached * piety under Uskayaw
  4119 | D:5      | Reached ** piety under Uskayaw
  4563 | D:5      | Reached skill level 1 in Invocations
  4751 | D:5      | Reached *** piety under Uskayaw
  4753 | D:5      | Reached **** piety under Uskayaw
  4757 | D:5      | Reached ***** piety under Uskayaw
  4759 | D:5      | Reached XP level 9. HP: 50/55 MP: 8/10
  4844 | D:6      | Noticed Pikel
  4844 | D:6      | Noticed Blork the orc
  4862 | D:6      | Killed Pikel
  4869 | D:6      | Killed Blork the orc
  4879 | D:6      | Found a sand-covered staircase.
  4961 | Ossuary  | Entered an ossuary
  5629 | D:6      | Reached XP level 10. HP: 63/63 MP: 13/13
  5852 | D:6      | Upgraded the game from 0.30-a0-474-g5673dd7ce6 to
                  | 0.30-a0-570-g486de37d69
  5870 | D:6      | Found Dickeq's Armour Boutique.
  5880 | D:6      | Bought the +1 buckler of the Fife {rPois rCorr} for 394
                  | gold pieces
  5949 | D:6      | Found Ezunt's General Store.
  6394 | D:7      | Reached skill level 1 in Shields
  6398 | D:7      | Reached skill level 5 in Invocations
  6839 | D:7      | Found a burning altar of Makhleb.
  7284 | D:8      | Noticed a death yak
  7285 | D:8      | Noticed a death yak
  7285 | D:8      | Noticed a death yak
  7518 | D:8      | Reached skill level 10 in Dodging
  7611 | D:9      | Killed a death yak
  7612 | D:9      | Reached skill level 10 in Short Blades
  7710 | D:9      | Killed a death yak
  7711 | D:9      | Reached XP level 11. HP: 57/69 MP: 15/15
  7761 | D:8      | Killed a death yak
  7813 | D:8      | Found a staircase to the Lair.
  7853 | D:8      | Found a shadowy altar of Dithmenos.
  7899 | D:8      | Noticed Joseph
  7902 | D:8      | Killed Joseph
  8541 | D:9      | Noticed a two-headed ogre
  8565 | D:9      | Killed a two-headed ogre
  8674 | D:9      | Noticed a centaur warrior
  8683 | D:9      | Killed a centaur warrior
  9301 | D:9      | Found a radiant altar of Vehumet.
  9668 | D:9      | Found a snail-covered altar of Cheibriados.
  9710 | D:9      | Found a shimmering blue altar of Sif Muna.
  9811 | D:9      | Found Udatol's General Store.
  9817 | D:9      | Bought a scroll of identify for 24 gold pieces
  9817 | D:9      | Bought a scroll of identify for 24 gold pieces
 10131 | D:10     | Entered Level 10 of the Dungeon
 10160 | D:10     | You fall into a shaft and drop 1 floor!
 10295 | D:10     | Noticed Fannar
 10299 | D:10     | Killed Fannar
 10410 | D:10     | Noticed a two-headed ogre
 10417 | D:10     | Killed a two-headed ogre
 10555 | D:10     | Reached XP level 12. HP: 76/76 MP: 17/17
 10562 | D:10     | Noticed Maurice
 10571 | D:10     | Killed Maurice
 10609 | D:10     | Found Nenat's Jewellery Shop.
 10645 | D:10     | Noticed Erolcha
 10661 | D:10     | Killed Erolcha
 11482 | D:11     | Reached skill level 10 in Fighting
 11579 | D:11     | Found Orhel's Antique Weapon Shoppe.
 11757 | D:12     | Noticed a two-headed ogre
 11761 | D:12     | Killed a two-headed ogre
 11781 | D:12     | Reached skill level 10 in Stealth
 11849 | D:12     | Noticed a two-headed ogre
 11867 | D:12     | Reached ****** piety under Uskayaw
 11880 | D:12     | Killed a two-headed ogre
 11948 | D:12     | Noticed a five-headed hydra
 11956 | D:12     | Killed a five-headed hydra
 12191 | D:12     | Noticed a centaur warrior
 12195 | D:12     | Killed a centaur warrior
 12226 | D:12     | Found a staircase to the Orcish Mines.
 12226 | D:12     | Noticed a centaur warrior
 12230 | D:12     | Killed a centaur warrior
 12231 | D:12     | Reached skill level 15 in Dodging
 12231 | D:12     | Reached XP level 13. HP: 84/84 MP: 20/20
 12532 | D:12     | Noticed Azrael
 12552 | D:12     | Killed Azrael
 12857 | Lair:1   | Entered Level 1 of the Lair of Beasts
 12918 | Lair:1   | Reached skill level 10 in Invocations
 13453 | Lair:1   | Noticed Amaemon
 13464 | Lair:1   | Killed Amaemon
 13587 | Lair:1   | Found a runed translucent door.
 13614 | Lair:1   | Noticed Leissi's ghost (journeyman GrEE)
 13630 | Lair:1   | Identified the +7 spear of Earthquakes {drain, rElec Int-2
                  | Dex+7}
 13652 | Lair:1   | Killed Leissi's ghost
 14040 | Lair:2   | Found a staircase to the Swamp.
 14148 | Lair:2   | Identified the +5 spear of the Thieving Blowfly {flame,
                  | rElec rC+++ rCorr Str-4}
 14625 | Lair:2   | Noticed a five-headed hydra
 14629 | Lair:2   | Killed a five-headed hydra
 14902 | Lair:2   | Reached XP level 14. HP: 88/92 MP: 22/22
 15743 | Lair:3   | Found a hole to the Spider Nest.
 16751 | Lair:4   | Reached skill level 1 in Evocations
 17019 | Lair:4   | Reached skill level 1 in Armour
 17044 | Lair:4   | Noticed Snorg
 17062 | Lair:4   | Killed Snorg
 17199 | Lair:5   | Entered Level 5 of the Lair of Beasts
 17201 | Lair:5   | Reached XP level 15. HP: 99/99 MP: 22/24
 17224 | Lair:5   | Reached skill level 15 in Stealth
 17328 | Lair:5   | Reached skill level 5 in Evocations
 17981 | Lair:5   | Reached XP level 16. HP: 105/105 MP: 25/25
 19193 | Lair:5   | Found a staircase to the Slime Pits.
 19193 | Lair:5   | Found a viscous altar of Jiyva.
 19801 | D:13     | Found a frozen archway.
 20138 | IceCv    | Entered an ice cave
 21333 | D:13     | Found a runed translucent gate.
 21334 | D:13     | Found a runed translucent gate.
 21334 | D:13     | Found an opulent altar of Gozag.
 21335 | D:13     | Found a runed translucent gate.
 21353 | D:13     | Noticed Azuvok's ghost (journeyman MiFi)
 21363 | D:13     | Killed Azuvok's ghost
 22094 | D:14     | Noticed Louise
 22111 | D:14     | Killed Louise
 22185 | D:14     | Identified the ring "Kazaemno" {*Corrode Will+ Int+5}
 22783 | Orc:1    | Entered Level 1 of the Orcish Mines
 22925 | Orc:2    | Entered Level 2 of the Orcish Mines
 23745 | Orc:1    | Found a runed translucent gate.
 23746 | Orc:1    | Found a runed translucent gate.
 23747 | Orc:1    | Found a runed translucent gate.
 23819 | Orc:1    | Reached XP level 17. HP: 112/112 MP: 27/27
 24186 | Orc:1    | Noticed bosakos's ghost (journeyman DrIE)
 24198 | Orc:1    | Identified the ring of Circularity {rF+ EV+5 Slay+3}
 24263 | Orc:1    | Killed bosakos's ghost
 24264 | Orc:1    | Reached skill level 15 in Fighting
 24312 | Orc:1    | Identified the +2 robe of Peek-a-Boo {*Corrode rF+ Stlth+}
 24685 | Orc:2    | Found a staircase to the Elven Halls.
 25457 | Orc:2    | Found Elaobif's Distillery.
 25457 | Orc:2    | Found Alekhleg's Jewellery Emporium.
 25458 | Orc:2    | Found Sakh's Antique Weapon Emporium.
 25459 | Orc:2    | Found Behak's Book Shoppe.
 25462 | Orc:2    | Bought a potion of haste for 130 gold pieces
 25462 | Orc:2    | Bought a potion of invisibility for 104 gold pieces
 25465 | Orc:2    | Bought a book of Burglary for 320 gold pieces
 25469 | Orc:2    | Learned a level 3 spell: Swiftness
 25775 | D:14     | Reached skill level 1 in Air Magic
 26271 | D:14     | Found a gate to the Vaults.
 26360 | D:15     | Entered Level 15 of the Dungeon
 26789 | D:15     | Found a portal to a secret trove of treasure.
 27002 | D:15     | Found a staircase to the Depths.
 27161 | D:15     | Found an ornate altar of the Wu Jian Council.
 27392 | D:10     | Bought the ring of Bucledascho {*Corrode Dex+8 Slay+4} for
                  | 1539 gold pieces
 27542 | Spider:1 | Entered Level 1 of the Spider Nest
 27814 | Spider:2 | Reached skill level 15 in Invocations
 27998 | Spider:1 | Reached XP level 18. HP: 120/120 MP: 29/29
 28250 | Spider:2 | Reached skill level 5 in Air Magic
 28574 | Spider:2 | You are sucked into a shaft and drop 1 floor!
 30311 | Spider:4 | Entered Level 4 of the Spider Nest
 30330 | Spider:4 | Reached skill level 5 in Armour
 31054 | Spider:4 | Got a gossamer rune of Zot
 31076 | Spider:4 | Reached skill level 10 in Evocations
 31076 | Spider:4 | Reached XP level 19. HP: 128/128 MP: 31/31
 31270 | Spider:4 | Reached XP level 20. HP: 134/134 MP: 32/32
 31749 | Spider:4 | Noticed Aizul
 31767 | Spider:4 | Killed Aizul
 32200 | Swamp:1  | Entered Level 1 of the Swamp
 32396 | Swamp:1  | HP: 5/124 [spectral fenstrider witch[a ghost crab] (3)]
 32690 | Swamp:1  | Got the Quarto of the Injurious Rocks
 32827 | Lair:2   | Gained mutation: You are partially covered in iridescent
                  | scales. (AC +2) [potion of mutation]
 32827 | Lair:2   | Gained mutation: Your magical capacity is low. (-10% MP)
                  | [potion of mutation]
 32827 | Lair:2   | Gained mutation: You have a pair of small horns on your
                  | head. [potion of mutation]
 32828 | Lair:2   | Lost mutation: You are partially covered in iridescent
                  | scales. (AC +2) [potion of mutation]
 32828 | Lair:2   | Lost mutation: You have a pair of small horns on your head.
                  | [potion of mutation]
 32828 | Lair:2   | Lost mutation: Your magical capacity is low. (-10% MP)
                  | [potion of mutation]
 32828 | Lair:2   | Gained mutation: You are dopey. (Int -2) [potion of
                  | mutation]
 32828 | Lair:2   | Gained mutation: You have hidden genetic potential. [potion
                  | of mutation]
 33020 | Vaults:1 | Entered Level 1 of the Vaults
 33227 | Vaults:1 | Reached skill level 15 in Short Blades
 33433 | Vaults:1 | Found Ymniajof's Armour Boutique.
 33830 | Vaults:1 | HP: 2/134 [ironbound frostheart/creeping frost (35)]
 33945 | Vaults:1 | Found Ucat's Antique Weapon Shop.
 34162 | Vaults:1 | Reached XP level 21. HP: 139/139 MP: 33/33
 34739 | Vaults:2 | Paralysed by a sphinx for 4 turns
 35048 | Vaults:2 | Gained mutation: You have large cloven feet. [hidden
                  | potential]
 35168 | Vaults:2 | Reached skill level 10 in Air Magic
 35332 | Vaults:2 | Reached skill level 5 in Shields
 35958 | Vaults:2 | Identified the ring "Vawkipni" {Fly Str+6 Int+3 Slay+3}
 36271 | Vaults:2 | Found a staircase to the Crypt.
 36528 | Abyss:2  | Cast into level 2 of the Abyss (a wizard)
 36557 | Abyss:2  | Found a corrupted altar of Lugonu.
 36643 | Abyss:2  | Reached XP level 22. HP: 83/144 MP: 35/35
 36683 | Abyss:2  | Found a corrupted altar of Lugonu.
 36818 | Abyss:2  | Found a corrupted altar of Lugonu.
 37131 | Vaults:2 | Escaped the Abyss
 37533 | Vaults:3 | Noticed an ancient lich
 37555 | Vaults:3 | Killed from afar by an ironbound frostheart

Illustrated notes

Levels and vault maps discovered:
D:1:      amcnicky_arrival_double_pillar, layout_loops_ring
D:2:      layout_rooms, chequers_serial_rivers_room_a, grunt_ministairs_12
D:3:      layout_basic
D:4:      layout_loops_ring, sigmund_army, uniq_edmund, uniq_natasha
D:5:      layout_basic, minmay_temple_entry_poolview, dk_noncrumbling_3,
          uniq_sigmund
D:6:      layout_gridville, serial_shops, shop, kennysheep_mini,
          enter_ossuary_3, minmay_manual_mess, uniq_pikel, uniq_blork_the_orc
D:7:      layout_rooms, lemuel_doored_altar
D:8:      layout_basic, mainiacjoe_overflow_24_doors, dpeg_lair_monsters,
          kennysheep_generic_room_3, uniq_joseph
D:9:      layout_layer_cave, led_sif_book, mainiacjoe_overflow_tiny_flanked,
          chei_slow_surprise, nicolae_overflow_hidden_temple, serial_shops,
          nicolae_lakefront_shop
D:10:     layout_basic, minmay_shop_enchanted_jewellery, uniq_maurice,
          uniq_erolcha, uniq_fannar
D:11:     layout_basic, serial_shops, kennysheep_little_box
D:12:     minmay_the_grid_square_5x5_3x3
          [minmay_the_grid_square_5x5_fancy_junction,
          minmay_the_grid_square_5x5_three,
          minmay_the_grid_square_5x5_eight_small,
          minmay_the_grid_square_5x5_forky,
          minmay_the_grid_square_5x5_megaprize_crossed,
          minmay_the_grid_square_5x5_pentomino_r,
          minmay_the_grid_square_5x5_tetrominoes,
          minmay_the_grid_square_5x5_six, minmay_the_grid_square_5x5_longway],
          layout_rooms, uniq_azrael
D:13:     layout_layer_cave, portal_ice_cave_entry_ice_simulacra,
          ebering_ghost_gozag
D:14:     layout_small_grid, grunt_vaults_entry_tiered, uniq_louise
D:15:     hangedman_depths_entry_try_elsewhere_first, layout_loops_ring,
          enter_trove_2, nicolae_wu_jian_immortal_techniques
Temple:   hellmonk_temple_divided_pantheon
Lair:1:   layout_chaotic_city, ebering_ghost_funeral_grove,
          nicolae_lair_run_with_the_wolves, uniq_amaemon
Lair:2:   beast_lair_carwin_large_4, layout_cave_pods, minmay_swamp_entry_eels,
          grunt_megastairs_2, serial_bayou_shore_b, infiniplex_staircase_pool_2,
          serial_bayou_shore_b
Lair:3:   layout_cave_pods, spider_nest_entry_web_field, grunt_megastairs_5
Lair:4:   layout_roguey, nicolae_lair_lindhole, uniq_snorg
Lair:5:   minmay_lair_end_frog_pond, layout_regular_city, slime_entry_1
Swamp:1:  layout_basic_swamp, evilmike_swamp_ruin_house_2
Swamp:2:  layout_basic_swamp, evilmike_swamp_ruin_house_5
Spider:1: layout_spider_delve, drop_trap
Spider:2: layout_cave_pods, nicolae_orb_island, nicolae_spider_cling_halls
Spider:3: layout_spider_delve
Spider:4: hellmonk_spider_rune_bug_friends, drop_trap, hellmonk_spider_spawner,
          uniq_aizul
Orc:1:    layout_diamond_mine, biasface_ghost_orc_armoury
Orc:2:    st_orc_pillars, layout_diamond_mine, mines2_david
Vaults:1: nicolae_vaults_theta, vaults_dpeg_emergency_exit,
          nicolae_vaults_c_with_doors, vaults_room_mumra_shop_pool, v_rooms_6,
          nicolae_vaults_mini_display_case, vaults_mumra_hex,
          nicolae_vaults_network_periphery, vaults_room_large_hall, v_pattern_5,
          layout_vaults_maze, serial_shops, nicolae_shop_statue_plus
Vaults:2: vaults_dpeg_encased_lava, hangedman_vaults_impose,
          hangedman_vaults_maws, v_pattern_4, vaults_mumra_bighexcomb,
          v_alt_pattern_2, v_misc_1, nicolae_vaults_diagonal_hallway_7,
          minmay_crypt_entry_simple_plaza, v_misc_22, vaults_room_semicircle,
          hangedman_vaults_impose, v_misc_30, vaults_room_door_hall,
          nicolae_vaults_theta, layout_vaults_omnibox
Vaults:3: dpeg_vaults_pockets_of_resistance, hangedman_vaults_snaps, v_misc_32,
          v_alt_pattern_5, ontoclasm_vaults_spin,
          ontoclasm_vaults_loading_screen, v_misc_16, ontoclasm_vaults_fault,
          vaults_dpeg_hooks, ontoclasm_vaults_gateway, layout_vaults_omnicross,
          serial_shops, nicolae_shop_behind_doors

Skill      XL: |  1  2  3  4  5  6  7  8  9 10 11 12 13 14 15 16 17 18 19 20 21 22 |
---------------+-------------------------------------------------------------------+-----
Stealth        | 1 2 3 4 5 7 8 11 13 14 15 16 17 18 | 18.5
Dodging        | 4 5 6 7 8 10 12 15 17 | 17.7
Fighting       | 3 4 5 6 7 8 9 10 12 13 14 16 17 | 17.0
Short Blades   | 5 6 7 9 10 11 13 14 15 17 18 | 18.0
Invocations    | 2 4 6 7 9 11 12 13 15 16 17 18 | 18.7
Shields        | 2 4 6 7 |  7.1
Evocations     | 4 5 8 9 10 11 12 | 12.7
Armour         | 3 4 6 7 8 |  8.4
Air Magic      | 4 7 9 10 | 10.0
Throwing       | |  2.1

Action                   |  1- 3 |  4- 6 |  7- 9 | 10-12 | 13-15 | 16-18 | 19-21 | 22-24 || total
-------------------------+-------+-------+-------+-------+-------+-------+-------+-------++-------
Melee: Rapier            |    98 |    12 |       |       |       |       |       |       ||   110
       Short sword       |       |    71 |   216 |   426 |   682 |  1599 |       |       ||  2994
       Punch             |       |       |     4 |       |       |       |       |       ||     4
       Scimitar          |       |       |       |       |       |    79 |       |       ||    79
       Quick blade       |       |       |       |       |       |   234 |  1245 |   213 ||  1692
Throw: Throwing net      |     1 |     3 |     1 |       |       |       |       |       ||     5
       Dart              |       |       |     2 |     3 |     6 |       |     1 |       ||    12
 Cast: Swiftness         |       |       |       |       |       |     1 |       |       ||     1
Invok: Stomp             |       |       |     1 |     3 |     4 |     7 |     3 |       ||    18
       Line Pass         |       |       |     1 |       |       |       |       |       ||     1
       Grand Finale      |       |       |       |       |     2 |     4 |     8 |       ||    14
Evoke: Wand              |       |       |       |     3 |     4 |    10 |       |     1 ||    18
  Use: Scroll            |       |    12 |     2 |    11 |     5 |    18 |     1 |     2 ||    51
       Potion            |       |       |       |     3 |     1 |    12 |    11 |     2 ||    29
 Stab: Sleeping          |    15 |     3 |    40 |    33 |    31 |    82 |    75 |     6 ||   285
       Held in net/web   |     1 |     2 |       |       |       |       |       |       ||     3
       Distracted        |       |       |     1 |     2 |     3 |     9 |     5 |     3 ||    23
       Paralysed         |       |       |     8 |    26 |    61 |   133 |    78 |    15 ||   321
       Invisible         |       |       |       |       |       |    13 |     4 |       ||    17
Armor: Leather armour    |    18 |    17 |    21 |       |       |       |       |       ||    56
       Steam dragon scal |       |       |       |    41 |    54 |    80 |       |       ||   175
       Troll leather arm |       |       |       |       |       |    96 |    84 |     6 ||   186
Dodge: Dodged            |    66 |    69 |   108 |   151 |   348 |  1167 |   857 |    83 ||  2849
Block: Buckler           |       |       |       |   138 |   303 |   887 |   351 |    27 ||  1706
       Other             |       |       |       |     1 |       |       |       |       ||     1
       Reflection        |       |       |       |     2 |     2 |    11 |       |       ||    15

Table legend: (Time is in decaauts)
 A = Elapsed time spent in this place.
 B = Non-inter-level travel time spent in this place.
 C = Inter-level travel time spent in this place.
 D = Time resting spent in this place.
 E = Time spent auto-exploring this place.
 F = Levels seen in this place.
 G = Mean time per level.
                   A        B        C        D        E       F      G
               +--------+--------+--------+--------+--------+-----+--------+
         Total |  35486 |  33696 |   1790 |   4479 |  22650 |  36 |  985.7 |
       Dungeon |  16354 |  15350 |   1004 |   1364 |  11749 |  15 | 1090.3 |
        Temple |     82 |     82 |      0 |      0 |      9 |   1 |   82.0 |
          Lair |   6466 |   6011 |    455 |    605 |   4352 |   5 | 1293.2 |
         Swamp |    561 |    547 |     14 |     47 |    372 |   2 |  280.5 |
   Spider Nest |   4156 |   4014 |    142 |    812 |   2091 |   4 | 1039.0 |
  Orcish Mines |   2475 |   2391 |     84 |    367 |   1436 |   2 | 1237.5 |
        Vaults |   3453 |   3365 |     88 |    671 |   1932 |   3 | 1151.0 |
         Abyss |    539 |    539 |      0 |      0 |    376 |   2 |  269.5 |
       Ossuary |    414 |    414 |      0 |      0 |    277 |   1 |  414.0 |
      Ice Cave |    980 |    980 |      0 |    610 |     54 |   1 |  980.0 |
               +--------+--------+--------+--------+--------+-----+--------+

Top non-repeatable levels by time:
     D:9: 2004 daAuts
Vaults:2: 1760 daAuts
  Lair:5: 1760 daAuts
    D:13: 1623 daAuts
Vaults:1: 1562 daAuts
    D:14: 1442 daAuts
   Orc:2: 1312 daAuts
  Lair:2: 1297 daAuts
     D:5: 1256 daAuts
  Lair:3: 1227 daAuts
     D:4: 1211 daAuts
Spider:4: 1167 daAuts
   Orc:1: 1163 daAuts
Spider:3: 1150 daAuts
     D:8: 1141 daAuts
